 Dungeon Crawl Stone Soup version 0.31.0-12-g77e489cdc1 (webtiles) character file.

Game seed: 7134111689527856171

3062 Gadfly the Covert (level 9, -1/45 HPs)
             Began as a Spriggan Enchanter on Feb 18, 2024.
             Was an Initiate of Gozag.
             Constricted to death by Erica (4 damage)
             ... on level 8 of the Dungeon.
             The game lasted 00:12:14 (6962 turns).

Gadfly the Covert (Spriggan Enchanter)              Turns: 6962, Time: 00:12:15

Health: -1/45      AC: 11    Str:  3    XL:     9   Next: 57%
Magic:  8/19       EV: 18    Int: 18    God:    Gozag
Gold:   795        SH:  0    Dex: 18    Spells: 16/21 levels left

rFire   . . .        a - +3 dagger (venom)
rCold   . . .        (no shield)
rNeg    + + .        z - +2 robe {rN+}
rPois   +            B - +0 hat
rElec   .            y - +2 ratskin cloak {*Rats rPois rN+ Str-1 Int-1 Dex+1}
rCorr   .            (gloves unavailable)
SInv    +            (boots unavailable)
Will    +....        (no amulet)
Stlth   ++++         g - +4 ring of protection
HPRegen 0.27/turn    w - ring of flight
MPRegen 0.16/turn

%: no passive effects
@: flying, constricted, very quick
A: very small, no large weapons, unfitting armour, see invisible, speed 3
a: Renounce Religion, Potion Petition, Call Merchant, Bribe Branch


You were on level 8 of the Dungeon.
You worshipped Gozag.
Gozag was pleased with you.
You visited 2 branches of the dungeon, and saw 9 of its levels.

You collected 1261 gold pieces.
You spent 425 gold pieces at shops.
You paid 41 gold pieces to Gozag.

Inventory:

Hand Weapons
 a - a +3 dagger of venom (weapon)
 b - a +1 dagger of holy wrath
 d - a +1 dagger of venom
Armour
 y - the +2 ratskin cloak (worn) {*Rats rPois rN+ Str-1 Int-1 Dex+1}
   (You found it on level 6 of the Dungeon)

   *Rats:     When the wearer is hurt, rats may emerge from it to assist them.
   Str-1:     It affects your strength (-1).
   Int-1:     It affects your intelligence (-1).
   Dex+1:     It affects your dexterity (+1).
   rPois:     It protects you from poison rN+: It protects you from negative
   energy.
 z - a +2 robe of positive energy (worn)
 B - a +0 hat (worn)
 D - the +0 robe "Trusted Companion" {rPois rC- Will++ rCorr}
   (You bought it in a shop on level 3 of the Dungeon)

   rC-:       It makes you vulnerable to cold.
   rPois:     It protects you from poison Will++: It greatly increases your
   willpower.
   rCorr:     It protects you from acid and corrosion.
Jewellery
 f - a ring of fire
 g - a +4 ring of protection (left hand)
 w - a ring of flight (right hand)
Wands
 l - a wand of paralysis (16)
 m - a wand of polymorph (12)
Scrolls
 e - a scroll of poison
 h - 2 scrolls of identify
 k - 3 scrolls of vulnerability
 n - 3 scrolls of teleportation
 q - 2 scrolls of enchant weapon
 u - a scroll of fear
 A - a scroll of fog
Potions
 c - 3 potions of invisibility
 i - 2 potions of might
 j - 7 potions of curing
 o - 3 potions of enlightenment
 p - a potion of heal wounds
 r - 2 potions of mutation
 s - a potion of lignification
 t - a potion of haste
 x - a potion of cancellation {unknown}


   Skills:
 + Level 4.2 Fighting
 + Level 5.7 Short Blades
 + Level 7.1 Dodging
 + Level 9.0 Stealth
 + Level 6.5 Spellcasting
 + Level 7.0 Hexes
 + Level 6.3 Evocations


You had 16 spell levels left.
You knew the following spells:

 Your Spells              Type           Power      Damage    Failure   Level
a - Ensorcelled Hibernat  Hex/Ice        36%        N/A       4%          2
b - Confusing Touch       Hex            31%        N/A       1%          3

Your spell library contained the following spells:

 Spells                   Type           Power      Damage    Failure   Level
 Tukima's Dance           Hex            31%        N/A       1%          3
 Dazzling Flash           Conj/Hex       36%        N/A       9%          3
 Inner Flame              Hex/Fire       18%        N/A       9%          3
 Apportation              Tloc           10%        N/A       12%         1
 Necrotise                Necr           20%        1d5       12%         1
 Sting                    Conj/Alch      20%        1d4       12%         1
 Summon Small Mammal      Summ           20%        N/A       12%         1
 Dimensional Bullseye     Hex/Tloc       9%         N/A       26%         4
 Gell's Gravitas          Tloc           5%         N/A       34%         3
 Teleport Other           Tloc           5%         N/A       34%         3
 Flame Wave               Conj/Fire      5%         2d5       75%         4
 Iskenderun's Mystic Bla  Conj/Tloc      5%         2d3       75%         4
 Olgreb's Toxic Radiance  Alch           5%         N/A       75%         4
 Sticky Flame             Fire/Alch      5%         2d4       75%         4
 Dispersal                Tloc           2%         N/A       100%        6
 Ozocubu's Refrigeration  Ice            2%         4d8       100%        7
 Discord                  Hex            15%        N/A       100%        8


Dungeon Overview and Level Annotations

Branches:
Dungeon (8/15)             Temple (1/1) D:6
   Lair: D:8-11

Altars:
Cheibriados
Dithmenos
Elyvilon
Fedhas
Gozag
Hepliaklqana
Kikubaaqudgha
Makhleb
Nemelex Xobeh
Okawaru
Qazlal
Ru
Sif Muna
Trog
Uskayaw
Vehumet
Wu Jian
Xom
Yredelemnul
Zin
The Shining One

Shops:
D:1 *   D:3 *   D:4 [   D:6 !   D:7 *

Annotations:
D:8 Erica


Innate Abilities, Weirdness & Mutations

You are very small and have problems with some larger weapons.
You are too small for most types of armour.
You have supernaturally acute eyesight. (SInv)
You cover ground extremely quickly. (Speed+++)


Message History

You now have 777 gold pieces (gained 4).
You see here a +0 dagger.
Things that are here:
a +0 dagger; 4 poisoned darts
k - 3 scrolls of vulnerability (gained 1)
You see here a +0 whip.
You now have 795 gold pieces (gained 18).
Found a chain mail.
Erica the Fiery-Tempered comes into view.
She is wielding a +2 scimitar of flaming.
Erica is nearby!
Erica is nearby!
Found a robe.
Erica shouts!
Erica is unaffected.
Erica is unaffected.
Erica barely misses you. Erica completely misses you.
Erica is unaffected.
Erica completely misses you. Erica grabs you. Erica constricts you.
Erica is unaffected.
Erica casts a spell at you. The bolt of poison hits you! You resist.
Erica constricts you.
Erica is unaffected.
Erica misses you. Erica constricts you.
Erica is unaffected.
Erica hits you with a +2 scimitar of flaming!
Erica burns you. Erica constricts you.
You are too injured to fight recklessly!
Erica's grasp on you weakens, but your attempt to escape fails.
Erica hits you with a +2 scimitar of flaming.
Erica burns you.
* * * LOW HITPOINT WARNING * * *
Erica constricts you.
Erica's grasp on you weakens, but your attempt to escape fails.
Erica hits you with a +2 scimitar of flaming!
* * * LOW HITPOINT WARNING * * *
A hell rat scurries out from under your cloak.
Erica burns you.
* * * LOW HITPOINT WARNING * * *
Erica constricts you.
You die...
Erica begins burbling mirthfully and uncontrollably.
Your body crumbles into a pile of gold.

.... .!#.......###..
...##.#..>.....#...
#.......###..>....
#...## #......##
#...####......## #
###...##........# #..
##.#..........[...
#...##........#......#.
#..x@r....#.#....#.##
#.....###........#...
........##
..#.........# .........
..##.........#
.......[#... ..........
........#... #.........
......#.# ......#..


You could see Erica (ally target) and a friendly hell rat.

Vanquished Creatures
  Grinder (D:6)
  Sigmund (D:3)
  The ghost of rozman the Digger, an amateur GrEE (D:4)
  An acid dragon (D:5)
  Duvessa (D:6)
  A water moccasin (D:7)
  2 sky beasts (D:7)
  An orc warrior (D:7)
  2 ice beasts
  A black bear (D:7)
  2 centaurs
  2 kobold brigands
  A bullfrog (D:4)
  A gnoll sergeant (D:6)
  A scorpion (D:5)
  3 wights (D:8)
  Dowan (D:6)
  2 hounds
  A jelly (D:5)
  A bombardier beetle (D:3)
  An orc priest (D:3)
  A gnoll bouda (D:5)
  5 sleepcaps
  An iguana (D:5)
  Ijyb (D:3)
  3 orc wizards
  3 hell rats (D:6)
  6 gnolls
  8 adders
  20 river rats (D:6)
  3 white imps
  5 ufetubi
  2 dart slugs
  3 ribbon worms
  27 orcs
  5 ball pythons
  7 bats
  4 endoplasms
  3 giant cockroaches
  9 goblins
  2 hobgoblins
  2 quokkas (D:1)
  3 frilled lizards
  9 kobolds
  5 rats
165 creatures vanquished.

Vanquished Creatures (collateral kills)
  2 orcs (D:7)
2 creatures vanquished.

Grand Total: 167 creatures vanquished

Notes
Turn   | Place    | Note
-------+----------+-------------------------------------------
     0 | D:1      | Gadfly the Spriggan Enchanter began the quest for the Orb.
     0 | D:1      | Reached XP level 1. HP: 9/9 MP: 5/5
   189 | D:1      | Found Agetimes's Assorted Antiques.
   252 | D:1      | Reached XP level 2. HP: 13/14 MP: 6/6
   782 | D:1      | Learned a level 2 spell: Ensorcelled Hibernation
   892 | D:2      | Reached skill level 1 in Evocations
   892 | D:2      | Reached XP level 3. HP: 17/17 MP: 8/8
   896 | D:2      | Learned a level 3 spell: Confusing Touch
  1163 | D:2      | Reached skill level 1 in Fighting
  1610 | D:3      | Found a faded altar of an unknown god.
  1615 | D:3      | Reached skill level 5 in Stealth
  1656 | D:3      | Reached XP level 4. HP: 22/22 MP: 6/9
  1792 | D:3      | Noticed Ijyb
  1801 | D:3      | Killed Ijyb
  1858 | D:3      | Reached XP level 5. HP: 20/25 MP: 7/11
  2123 | D:3      | Found Ocra's Assorted Antiques.
  2210 | D:3      | Noticed Sigmund
  2216 | D:3      | Killed Sigmund
  2217 | D:3      | Reached XP level 6. HP: 13/30 MP: 9/13
  2591 | D:4      | Noticed rozman's ghost (amateur GrEE)
  2591 | D:4      | Found a runed translucent door.
  2596 | D:4      | Reached skill level 6 in Stealth
  3203 | D:4      | Found a shimmering blue altar of Sif Muna.
  3236 | D:4      | Found Vyvefo's Antique Armour Boutique.
  3528 | D:4      | Killed rozman's ghost
  3529 | D:4      | Reached skill level 5 in Hexes
  3529 | D:4      | Reached XP level 7. HP: 35/35 MP: 10/14
  3639 | D:5      | Entered Level 5 of the Dungeon
  3754 | D:5      | Reached skill level 5 in Dodging
  4034 | D:5      | Reached skill level 7 in Stealth
  4034 | D:5      | Reached XP level 8. HP: 39/39 MP: 14/16
  4255 | D:5      | Reached skill level 5 in Spellcasting
  4483 | D:6      | Noticed Duvessa
  4484 | D:6      | Noticed Dowan
  4505 | D:6      | Killed Duvessa
  4517 | D:6      | Killed Dowan
  4902 | D:6      | Noticed Grinder
  4910 | D:6      | Found a staircase to the Ecumenical Temple.
  4915 | D:6      | Killed Grinder
  4916 | D:6      | Reached skill level 5 in Evocations
  4949 | Temple   | Entered the Ecumenical Temple
  5021 | Temple   | Became a worshipper of Gozag Ym Sagoz the Greedy
  5303 | D:6      | Reached skill level 8 in Stealth
  5344 | D:6      | Found the +2 ratskin cloak {*Rats rPois rN+ Str-1 Int-1
                  | Dex+1}
  5513 | D:6      | Found Ijonwiz's Distillery.
  5556 | D:6      | Bought a potion of mutation for 104 gold pieces
  5627 | D:6      | Reached XP level 9. HP: 38/44 MP: 13/18
  5630 | D:6      | Reached skill level 5 in Short Blades
  6070 | D:7      | Identified a scroll of acquirement
  6070 | D:7      | Acquired 626 gold pieces
  6254 | D:7      | Found Enot's General Store.
  6273 | D:7      | Bought a scroll of poison for 48 gold pieces
  6273 | D:7      | Bought a potion of haste for 120 gold pieces
  6662 | D:3      | Bought a bloodstained robe for 153 gold pieces
  6662 | D:3      | Identified the +0 robe "Trusted Companion" {rPois rC-
                  | Will++ rCorr} (You bought it in a shop on level 3 of the
                  | Dungeon)
  6867 | D:8      | Reached skill level 9 in Stealth
  6950 | D:8      | Noticed Erica
  6962 | D:8      | Constricted to death by Erica

Illustrated notes

Levels and vault maps discovered:
D:1:      tekkud_arrival_beachfront_property, layout_loops_ring, serial_shops,
          nicolae_shop_crystal
D:2:      layout_rooms, solitary_fountain
D:3:      layout_basic, ebering_ecumenical_altar_abandoned, serial_shops,
          nicolae_shop_temple_entry_statues_fountains, st_stairs_2,
          minmay_strange_pillars, due_unseen_surprise, uniq_sigmund, uniq_ijyb
D:4:      wander_river, layout_basic, nicolae_sif_muna_condensation,
          serial_shops, shop, ebering_ghost_sewer_d, roderic_roman_lattice,
          kennysheep_pointless_box
D:5:      layout_basic, st_stairs_8
D:6:      wander_guarded_unrand_ratskin, layout_loops_cross,
          minmay_temple_entry_trees, serial_shops,
          nicolae_shop_pleasant_corner_grove, uniq_grinder, uniq_duvessa
D:7:      layout_rooms, serial_shops, shop, serial_corexii_hall,
          corexii_hall_statues_deadend, chequers_hall_statues_corner_a,
          chequers_hall_statues_corner_a, corexii_hall_statues_l,
          hellmonk_no_cap
D:8:      gammafunk_beogh_shrine, layout_cave_pools, lair_entry_dummy,
          nrook_loot_triangle, uniq_erica
Temple:   mainiacjoe_temple_cubbyholes

Skill      XL: |  1  2  3  4  5  6  7  8  9 |
---------------+----------------------------+-----
Dodging        | 3 4 5 6 7 |  7.1
Evocations     | 1 2 3 4 5 6 |  6.3
Spellcasting   | 3 4 5 6 |  6.5
Fighting       | 1 2 3 4 |  4.2
Stealth        | 5 6 7 8 9 |  9.0
Hexes          | 4 5 6 7 |  7.0
Short Blades   | 2 3 4 5 |  5.7

Action                     |  1- 3 |  4- 6 |  7- 9 || total
---------------------------+-------+-------+-------++-------
  Melee: Dagger            |    84 |   116 |   241 ||   441
         Punch             |     1 |     1 |     6 ||     8
   Cast: Ensorcelled Hiber |    10 |    23 |    59 ||    92
         Confusing Touch   |       |     3 |     5 ||     8
    Use: Scroll            |     8 |     1 |     8 ||    17
         Potion            |       |       |     1 ||     1
   Stab: Sleeping          |    17 |    17 |    55 ||    89
         Confused          |       |     5 |     6 ||    11
         Distracted        |       |       |     1 ||     1
 Armour: Robe              |    20 |    41 |    67 ||   128
  Dodge: Dodged            |    71 |    93 |   202 ||   366
